 Dungeon Sprint DCSS version 0.29.0-11-gd7f09526c8 (webtiles) character file.

Game seed: 13474322556620596229

77520 Zeld the Slayer (level 15, -5/173 HPs)
             Began as a Minotaur Berserker on Sept 6, 2022.
             Was a Priest of Trog.
             Constricted to death by a tentacled monstrosity (6 damage)
             ... summoned by Mnoleg
             ... in the Dungeon (Sprint IX: "|||||||||||||||||||||||||||||").
             The game lasted 00:11:09 (7904 turns).

Zeld the Slayer (Minotaur Berserker)                Turns: 7904, Time: 00:11:10

Health: -5/173     AC: 29    Str: 28    XL:     15   Next: 15%
Magic:  4/4        EV: 14    Int:  9    God:    Trog [***...]
Gold:   161        SH:  0    Dex: 11    Spells: 14/14 levels left

rFire   . . .      SeeInvis +   a - +5 executioner's axe (antimagic)
rCold   . . .      Faith    .   (shield currently unavailable)
rNeg    . . .      Spirit   .   m - +0 plate armour
rPois   +          Reflect  .   (helmet restricted)
rElec   .          Harm     .   z - +2 cloak {rPois}
rCorr   .          Rampage  .   l - +2 pair of gloves
Will    +++..      NoTele   +   k - +2 pair of boots
Stlth   ..........              (no amulet)
HPRegen 1.38/turn               s - ring of Liegociab {Fly Int+5}
MPRegen 0.09/turn               B - ring of see invisible

@: marked, strong-willed, on berserk cooldown, flying, regenerating, slowed,
constricted, very slow
A: horns 2, retaliatory headbutt, deformed body, no potion heal 1, subdued magic
2
a: Renounce Religion, Berserk, Trog's Hand


You were in the Dungeon.
You worshipped Trog.
Trog was most pleased with you.
You visited 1 branch You collected 1928 gold pieces.
You spent 1767 gold pieces at shops.

Inventory:

Hand Weapons
 a - a +5 antimagic executioner's axe (weapon)
 n - a +4 vorpal executioner's axe
 p - the +7 battleaxe of Enormous Outrage {antimagic, rElec rC+ Dex+2}
   (Trog gifted it to you in the Dungeon)

   It reduces the magical energy of the wielder, and disrupts the spells and
   magical abilities of those it strikes.
   Natural abilities and divine invocations are not affected.
   Dex:       It affects your dexterity (+2).
   rC:        It protects you from cold.
   rElec:     It insulates you from electricity.
 t - a +3 vorpal executioner's axe
 D - the +5 battleaxe "Leuxituhiu" {flame, Stlth+}
   (Trog gifted it to you in the Dungeon)

   It burns those it strikes, dealing additional fire damage.
   Big, fiery blades are also staple armaments of hydra-hunters.
   Stlth:     It makes you more stealthy.
Missiles
 C - 3 throwing nets (quivered)
Armour
 k - a +2 pair of boots (worn)
 l - a +2 pair of gloves (worn)
 m - a +0 plate armour (worn)
 z - a +2 cloak of poison resistance (worn)
Jewellery
 o - a ring of protection from fire
 s - the ring of Liegociab (left hand) {Fly Int+5}
   (You bought it in a shop in the Dungeon)

   [ring of flight]

   Int:       It affects your intelligence (+5).
   Fly:       It grants you flight.
 A - a ring of protection from fire
 B - a ring of see invisible (right hand)
Wands
 j - a wand of quicksilver (17)
 w - a wand of roots (4)
Scrolls
 q - a scroll of fog
 r - 5 scrolls of identify
 u - a scroll of fear
 v - 2 scrolls of silence
Potions
 b - a potion of lignification {unknown}
 c - 6 potions of curing
 d - 6 potions of heal wounds
 f - 5 potions of magic
 g - 4 potions of berserk rage
 i - a potion of invisibility
Miscellaneous
 x - a piece from Xom's chessboard (15/15)
 y - a box of beasts


   Skills:
 + Level 26.9 Fighting
 - Level 24.0 Axes
 + Level 26.8 Armour
 + Level 24.9 Dodging


You had 14 spell levels left.
You didn't know any spells.
Your spell library was empty.

Dungeon Overview and Level Annotations

Branches:
Dungeon (1/1)

Altars:
Cheibriados
Dithmenos
Elyvilon
Fedhas
Gozag
Hepliaklqana
Kikubaaqudgha
Makhleb
Nemelex Xobeh
Okawaru
Qazlal
Ru
Sif Muna
Trog
Uskayaw
Vehumet
Wu Jian
Xom
Yredelemnul
Zin
The Shining One
Jiyva
Lugonu

Shops:
D *=(

Annotations:
D Mnoleg


Innate Abilities, Weirdness & Mutations

You have a pair of horns on your head.
You reflexively headbutt those who attack you in melee.
Armour fits poorly on your strangely shaped body.
Potions are less effective at restoring your health.
Your spells are easier to cast, but less powerful.


Message History

* * * LOW HITPOINT WARNING * * *
The tentacled monstrosity closely misses you.
The tentacled monstrosity constricts you.
Unknown command.
You hit the tentacled monstrosity.
The tentacled monstrosity is severely wounded.
Mnoleg gestures.
The tentacled monstrosity tentacle-slaps you!
* * * LOW HITPOINT WARNING * * *
The tentacled monstrosity tentacle-slaps you!
* * * LOW HITPOINT WARNING * * *
The tentacled monstrosity tentacle-slaps you but does no damage.
The tentacled monstrosity constricts you.
* * * LOW HITPOINT WARNING * * *
Unknown command.
Unknown command.
You slash the tentacled monstrosity!
The tentacled monstrosity is severely wounded.
The tentacled monstrosity closely misses you.
The tentacled monstrosity tentacle-slaps you but does no damage.
The tentacled monstrosity completely misses you.
The tentacled monstrosity constricts you.
The tentacled monstrosity misses you. You furiously retaliate!
You headbutt the tentacled monstrosity!!
The tentacled monstrosity barely misses you.
The tentacled monstrosity tentacle-slaps you but does no damage.
The tentacled monstrosity constricts you.
* * * LOW HITPOINT WARNING * * *
Unknown command.
Unknown command.
You barely miss the tentacled monstrosity.
The tentacled monstrosity is almost dead.
The tentacled monstrosity tentacle-slaps you but does no damage. x3
The tentacled monstrosity constricts you.
Mnoleg gestures.
The tentacled monstrosity tentacle-slaps you but does no damage. x2
The tentacled monstrosity tentacle-slaps you.
* * * LOW HITPOINT WARNING * * *
The tentacled monstrosity constricts you.
You die...

..................▓
▓▓▓▓▓▓▓▓▓▓▓▓▓▓▓▓▓▓▓
....)...'.........▓
▓▓▓▓▓▓▓▓▓▓▓▓▓▓▓▓▓.▓
...............)..▓
▓▓▓▓▓▓▓▓▓▓▓▓▓▓▓▓▓▓▓
..).)'............▓
▓▓▓▓▓▓▓▓▓▓▓▓▓▓▓▓▓.▓
X)...X..†XXX&zXX@.▓
▓▓▓▓▓▓▓▓▓▓▓▓▓▓▓▓▓▓▓


You could see Mnoleg, 2 tentacled monstrosities, a death cob (strong, resistant)
and 3 large abominations.

Vanquished Creatures
  Asmodeus (D)
  An ancient lich (D)
  Rupert (D)
  Kirke (D)
  A thorn hunter (D)
  A tengu reaver (D)
  A fire giant (D)
  A frost giant (D)
  2 ironbound preservers (D)
  A draconian shifter (D)
  2 very ugly things (D)
  A stone giant (D)
  Azrael (D)
  A spark wasp (D)
  An eleionoma (D)
  Snorg (D)
  A yaktaur captain (D)
  An ettin (D)
  2 fire dragons (D)
  A great orb of eyes (D)
  Josephine (D)
  2 boulder beetles (D)
  2 rakshasas (D)
  3 hydras (D)
  Harold (D)
  A vault guard (D)
  A spriggan air mage (D)
  An ogre mage (D)
  An ironbound frostheart (D)
  An anaconda (D)
  3 centaur warriors (D)
  A two-headed ogre (D)
  A deep troll earth mage (D)
  A tengu warrior (D)
  2 naga sharpshooters (D)
  Urug (D)
  6 orc high priests (D)
  A spriggan berserker (D)
  A goliath frog (D)
  A skeletal warrior (D)
  2 orb spiders (D)
  A sea snake (D)
  2 spriggan druids (D)
  A steelbarb worm (D)
  6 orc knights (D)
  A necromancer (D)
  A mana viper (D)
  3 wolf spiders (D)
  An orc sorcerer (D)
  2 ugly things (D)
  A manticore (D)
  A moth of wrath (D)
  Maurice (D)
  4 black mambas (D)
  An elephant (D)
  2 vault sentinels (D)
  A water nymph (D)
  A naga mage (D)
  2 cane toads (D)
  Psyche (D)
  2 komodo dragons (D)
  A tengu conjurer (D)
  A tarantella (D)
  4 merfolk (D)
  A tyrant leech (D)
  A blink frog (D)
  3 slime creatures (D)
  5 wraiths (D)
  A yak (D)
  2 hogs (D)
  3 fire elementals (D)
  3 humans (D)
  2 basilisks (D)
  3 vampire mosquitoes (D)
  2 nagas (D)
  3 water moccasins (D)
  An acid dragon (D)
  2 hell hounds (D)
  A swamp drake (D)
  6 orc warriors (D)
  An ogre (D)
  A centaur (D)
  6 bullfrogs (D)
  A scorpion (D)
  A wight (D)
  2 howler monkeys (D)
  5 orc wizards (D)
  3 orcs (D)
  A quokka (D)
  A bat (D)
  A frilled lizard (D)
  A goblin (D)
  2 rats (D)
163 creatures vanquished.

Vanquished Creatures (collateral kills)
  A sphinx (D)
  An orc warlord (D)
  A stone giant (D)
  An ironbound preserver (D)
  An eleionoma (D)
  A centaur warrior (D)
  A spriggan air mage (D)
  A merfolk aquamancer (D)
  A deep troll earth mage (D)
  A deep troll shaman (D)
  A tengu warrior (D)
  A swamp dragon (D)
  A necromancer (D)
  4 orc knights (D)
  A deep elf pyromancer (D)
  An ironbound convoker (D)
  A merfolk siren (D)
  A cane toad (D)
  A tengu conjurer (D)
  A tyrant leech (shapeshifter) (D)
  A slime creature (D)
  A snapping turtle (D)
  4 orc warriors (D)
  2 orc priests (D)
  4 orcs (D)
35 creatures vanquished.

Grand Total: 198 creatures vanquished

Notes
Turn   | Place    | Note
-------+----------+-------------------------------------------
     0 | D        | Zeld the Minotaur Berserker began the quest for the Orb.
     0 | D        | Reached XP level 1. HP: 19/19 MP: 0/0
     7 | D        | Reached ** piety under Trog
    43 | D        | Noticed an orc wizard
    43 | D        | Noticed a scorpion
    43 | D        | Noticed an ogre
    59 | D        | Killed an orc wizard
    59 | D        | Reached *** piety under Trog
    60 | D        | Reached skill level 5 in Axes
    60 | D        | Reached XP level 2. HP: 6/28 MP: 1/1
    61 | D        | Reached XP level 3. HP: 7/35 MP: 2/2
    63 | D        | Killed a scorpion
    64 | D        | Reached skill level 5 in Fighting
    64 | D        | Reached skill level 5 in Armour
    64 | D        | Reached XP level 4. HP: 10/44 MP: 3/3
    69 | D        | Killed an ogre
    70 | D        | Reached skill level 5 in Dodging
    70 | D        | Reached XP level 5. HP: 7/51 MP: 4/4
   341 | D        | Found a snail-covered altar of Cheibriados.
   341 | D        | Found a shadowy altar of Dithmenos.
   341 | D        | Found a white marble altar of Elyvilon.
   341 | D        | Found a blossoming altar of Fedhas.
   341 | D        | Found an opulent altar of Gozag.
   342 | D        | Found a hazy altar of Hepliaklqana.
   343 | D        | Found a viscous altar of Jiyva.
   344 | D        | Found an ancient bone altar of Kikubaaqudgha.
   345 | D        | Found a corrupted altar of Lugonu.
   346 | D        | Found a burning altar of Makhleb.
   347 | D        | Found a sparkling altar of Nemelex Xobeh.
   348 | D        | Found an iron altar of Okawaru.
   349 | D        | Found a stormy altar of Qazlal.
   350 | D        | Found a sacrificial altar of Ru.
   351 | D        | Found a shimmering blue altar of Sif Muna.
   352 | D        | Found a bloodstained altar of Trog.
   353 | D        | Found a hide-covered altar of Uskayaw.
   354 | D        | Found a radiant altar of Vehumet.
   355 | D        | Found an ornate altar of the Wu Jian Council.
   356 | D        | Found a shimmering altar of Xom.
   357 | D        | Found a basalt altar of Yredelemnul.
   358 | D        | Found a glowing silver altar of Zin.
   359 | D        | Found a glowing golden altar of the Shining One.
   518 | D        | Noticed a two-headed ogre
   518 | D        | Noticed a centaur
   518 | D        | Noticed an orc warrior
   520 | D        | Reached **** piety under Trog
   524 | D        | Killed a two-headed ogre
   525 | D        | Reached XP level 6. HP: 66/66 MP: 5/5
   525 | D        | Reached XP level 7. HP: 71/71 MP: 6/6
   534 | D        | Reached skill level 10 in Fighting
   539 | D        | Reached XP level 8. HP: 79/79 MP: 7/7
   544 | D        | Reached ***** piety under Trog
   621 | D        | Noticed a boulder beetle
   621 | D        | Noticed an eight-headed hydra
   621 | D        | Noticed a centaur warrior
   621 | D        | Noticed a white ugly thing
   626 | D        | Killed a boulder beetle
   627 | D        | Reached skill level 15 in Axes
   627 | D        | Reached skill level 10 in Armour
   630 | D        | Killed an 11-headed hydra
   631 | D        | Reached skill level 10 in Dodging
   631 | D        | Reached XP level 9. HP: 90/90 MP: 8/8
   635 | D        | Killed a centaur warrior
   641 | D        | Killed a white ugly thing
   937 | D        | Noticed a black mamba
   937 | D        | Noticed a cane toad
   941 | D        | Killed a black mamba
   946 | D        | Killed a cane toad
   947 | D        | Reached XP level 10. HP: 101/101 MP: 9/9
   956 | D        | Reached ****** piety under Trog
   957 | D        | Received a gift from Trog
  1029 | D        | Noticed an elephant
  1032 | D        | Noticed a black mamba
  1033 | D        | Noticed an eight-headed hydra
  1040 | D        | Killed an elephant
  1044 | D        | Noticed a cane toad
  1054 | D        | Killed a black mamba
  1054 | D        | Received a gift from Trog
  1059 | D        | Killed a 12-headed hydra
  1068 | D        | Killed a cane toad
  1352 | D        | Noticed a cane toad
  1353 | D        | Reached XP level 11. HP: 111/111 MP: 10/10
  1493 | D        | Noticed Psyche
  1503 | D        | Killed Psyche
  1503 | D        | Identified the +7 short sword of Anguish {flame, rF++}
                  | (Trog gifted it to you in the Dungeon)
  1503 | D        | Received a gift from Trog
  1504 | D        | Reached skill level 15 in Fighting
  1694 | D        | Noticed Josephine
  1695 | D        | Noticed Urug
  1702 | D        | Killed Josephine
  1703 | D        | Reached skill level 15 in Armour
  1709 | D        | Killed Urug
  1709 | D        | Received a gift from Trog
  1962 | D        | Noticed an orc knight
  1973 | D        | Killed an orc knight
  1975 | D        | Noticed a stone giant
  1977 | D        | Received a gift from Trog
  1985 | D        | HP: 3/114 [stone giant/large rock (35)]
  1991 | D        | Killed a stone giant
  1993 | D        | Received a gift from Trog
  2397 | D        | Noticed an orc sorcerer
  2397 | D        | Noticed an orc high priest
  2403 | D        | Killed an orc sorcerer
  2404 | D        | Noticed an orc knight
  2423 | D        | Killed an orc high priest
  2423 | D        | Identified the +7 battleaxe of Enormous Outrage {antimagic,
                  | rElec rC+ Dex+2} (Trog gifted it to you in the Dungeon)
  2423 | D        | Received a gift from Trog
  2429 | D        | Killed an orc knight
  2431 | D        | Reached skill level 15 in Dodging
  2593 | D        | Found Hueteshri's General Store.
  2593 | D        | Noticed an orc high priest
  2593 | D        | Noticed an orc knight
  2593 | D        | Noticed an orc high priest
  2593 | D        | Noticed an orc high priest
  2593 | D        | Noticed an orc knight
  2594 | D        | Noticed an orc knight
  2597 | D        | Killed an orc high priest
  2598 | D        | Noticed an orc knight
  2601 | D        | Killed an orc knight
  2605 | D        | Found Dinoog's Jewellery Shoppe.
  2605 | D        | Noticed an orc knight
  2606 | D        | Noticed an orc knight
  2609 | D        | Noticed a soul eater
  2610 | D        | Killed an orc high priest
  2610 | D        | Received a gift from Trog
  2611 | D        | Reached XP level 12. HP: 102/124 MP: 11/11
  2613 | D        | Noticed an orc high priest
  2616 | D        | Killed an orc high priest
  2668 | D        | Killed an orc high priest
  2875 | D        | Found Vafa's Magic Scroll Emporium.
  2875 | D        | Noticed an orc high priest
  2877 | D        | Found Sykics's Antique Weapon Shoppe.
  2881 | D        | Killed an orc high priest
  2885 | D        | Bought the ring of Liegociab {Fly Int+5} for 420 gold
                  | pieces
  2895 | D        | Received a gift from Trog
  3090 | D        | Bought a scroll of identify for 26 gold pieces
  3090 | D        | Bought a scroll of enchant armour for 97 gold pieces
  3090 | D        | Bought a scroll of blinking for 97 gold pieces
  3090 | D        | Bought a scroll of identify for 26 gold pieces
  3090 | D        | Bought a scroll of fear for 52 gold pieces
  3090 | D        | Bought a scroll of identify for 26 gold pieces
  3090 | D        | Bought a scroll of silence for 123 gold pieces
  3090 | D        | Bought a scroll of silence for 123 gold pieces
  3090 | D        | Bought a scroll of enchant armour for 97 gold pieces
  3094 | D        | Bought a box of beasts for 400 gold pieces
  3094 | D        | Bought a potion of magic for 80 gold pieces
  3094 | D        | Bought a piece from Xom's chessboard (15/15) for 200 gold
                  | pieces
  3154 | D        | Noticed Maurice
  3160 | D        | Killed Maurice
  3342 | D        | Noticed an ogre mage
  3342 | D        | Noticed a boulder beetle
  3342 | D        | Noticed a centaur warrior
  3342 | D        | Noticed a centaur warrior
  3352 | D        | Noticed a fire giant
  3356 | D        | Killed an ogre mage
  3358 | D        | Killed a boulder beetle
  3358 | D        | Received a gift from Trog
  3363 | D        | Killed a centaur warrior
  3364 | D        | Noticed an ettin
  3371 | D        | Killed a centaur warrior
  3464 | D        | Killed a fire giant
  3473 | D        | Killed an ettin
  3913 | D        | Noticed a tengu warrior
  3924 | D        | Killed a tengu warrior
  3924 | D        | Received a gift from Trog
  3924 | D        | Noticed a rakshasa
  3925 | D        | Reached XP level 13. HP: 117/138 MP: 12/12
  4356 | D        | Noticed Azrael
  4365 | D        | Killed Azrael
  4367 | D        | Received a gift from Trog
  4496 | D        | Noticed Harold
  4506 | D        | Killed Harold
  4531 | D        | Noticed Rupert
  4544 | D        | Killed Rupert
  4704 | D        | Identified the +5 battleaxe "Leuxituhiu" {flame, Stlth+}
                  | (Trog gifted it to you in the Dungeon)
  4704 | D        | Received a gift from Trog
  4723 | D        | Received a gift from Trog
  4968 | D        | Noticed a spark wasp
  4991 | D        | Killed a spark wasp
  4995 | D        | Received a gift from Trog
  5502 | D        | Noticed an eleionoma
  5505 | D        | Killed an eleionoma
  5509 | D        | Noticed a thorn hunter
  5519 | D        | Received a gift from Trog
  5520 | D        | Noticed an eleionoma
  5527 | D        | Killed a thorn hunter
  5540 | D        | Killed an eleionoma
  5540 | D        | Received a gift from Trog
  5889 | D        | Reached XP level 14. HP: 155/155 MP: 13/13
  5900 | D        | Received a gift from Trog
  6375 | D        | Noticed Snorg
  6375 | D        | Noticed Kirke
  6378 | D        | Noticed a sphinx
  6386 | D        | Killed Kirke
  6386 | D        | Received a gift from Trog
  6397 | D        | Killed Snorg
  6612 | D        | Noticed a frost giant
  6612 | D        | Noticed a stone giant
  6617 | D        | Killed a frost giant
  6618 | D        | Noticed a red very ugly thing
  6621 | D        | Noticed a cyan very ugly thing
  6628 | D        | Killed a stone giant
  6633 | D        | Killed a red very ugly thing
  6633 | D        | Received a gift from Trog
  6637 | D        | Killed a cyan very ugly thing
  6638 | D        | Noticed a broodmother
  6638 | D        | an anaconda changed into a broodmother
  6639 | D        | a broodmother changed into a tyrant leech
  6664 | D        | Received a gift from Trog
  6710 | D        | Noticed a tengu reaver
  6721 | D        | Killed a tengu reaver
  6750 | D        | Identified the +4 quick blade of Julitzai {vorpal, *Slow
                  | rElec rC+ Str+7} (Trog gifted it to you in the Dungeon)
  6750 | D        | Received a gift from Trog
  7203 | D        | Noticed an ironbound preserver
  7203 | D        | Noticed an ironbound preserver
  7215 | D        | Killed an ironbound preserver
  7216 | D        | Killed an ironbound preserver
  7216 | D        | Received a gift from Trog
  7236 | D        | Noticed an orc warlord
  7240 | D        | Received a gift from Trog
  7248 | D        | Noticed an ironbound preserver
  7261 | D        | Killed an orc warlord
  7262 | D        | Killed an ironbound preserver
  7267 | D        | Noticed Mnoleg
  7271 | D        | Noticed a tengu reaver
  7329 | D        | Gained mutation: Armour fits poorly on your strangely
                  | shaped body. [Mnoleg's mutagenic touch]
  7333 | D        | Gained mutation: Your spells are a little easier to cast,
                  | but a little less powerful. [Mnoleg's mutagenic touch]
  7346 | D        | Noticed a tentacled monstrosity
  7346 | D        | Gained mutation: Potions are less effective at restoring
                  | your health. [Mnoleg's mutagenic touch]
  7350 | D        | Noticed a tentacled monstrosity
  7367 | D        | Paralysed by a floating eye for 2 turns
  7371 | D        | Gained mutation: Your spells are easier to cast, but less
                  | powerful. [a shining eye]
  7372 | D        | Paralysed by a floating eye for 2 turns
  7831 | D        | Noticed a death cob
  7831 | D        | Noticed a purple draconian shifter
  7831 | D        | Noticed an ancient lich
  7831 | D        | Noticed a sphinx
  7831 | D        | Found the +7 sceptre of Asmodeus
  7831 | D        | Noticed Asmodeus
  7840 | D        | Killed a purple draconian shifter
  7844 | D        | Killed an ancient lich
  7867 | D        | Killed Asmodeus
  7868 | D        | Reached XP level 15. HP: 69/173 MP: 4/14
  7884 | D        | Noticed a tentacled monstrosity
  7889 | D        | Killed a sphinx
  7899 | D        | Noticed a tentacled monstrosity
  7902 | D        | HP: 6/173 [constriction[Mnoleg] (4)]
  7904 | D        | HP: 1/173 [tentacled monstrosity[Mnoleg] (4)]
  7904 | D        | Constricted to death by a tentacled monstrosity

Illustrated notes

Levels and vault maps discovered:
D:        linesprint [early_d, line_temple, items_1, d_10, items_2, lair_1,
          lair_end, items_3, orc_1, orc_end, items_4, d_15, swamp_1, shoals_1,
          snake_1, spider_1, d_20, vaults_1, items_5, swamp_end, shoals_end,
          snake_end, spider_end, vaults_end, d_27, items_6, zot_1, zot_end,
          crypt_end, forest_end, elf_end, slime_end, tomb_end, abyss_end,
          pan_hell_end]

Skill      XL: |  1  2  3  4  5  6  7  8  9 10 11 12 13 14 |
---------------+-------------------------------------------+-----
Axes           | 5 7 9 13 15 17 20 22 24 | 24.0
Fighting       | 4 5 6 9 10 11 13 14 16 19 22 26 | 26.9
Armour         | 3 4 5 6 9 11 12 14 16 19 22 26 | 26.8
Dodging        | 3 4 5 8 10 11 13 15 17 21 24 | 24.9

Action                   |  1- 3 |  4- 6 |  7- 9 | 10-12 | 13-15 || total
-------------------------+-------+-------+-------+-------+-------++-------
Melee: Hand axe          |    22 |     5 |       |       |       ||    27
       Headbutt          |     1 |     2 |     9 |    41 |    55 ||   108
       Broad axe         |       |     4 |    43 |    13 |       ||    60
       Battleaxe         |       |       |       |    32 |       ||    32
       Executioner's axe |       |       |       |   154 |   293 ||   447
       Unarmed           |       |       |       |       |     1 ||     1
Invok: Berserk           |     2 |     1 |     2 |     7 |     9 ||    21
       Brothers in Arms  |       |       |       |     8 |    14 ||    22
       Trog's Hand       |       |       |       |       |     3 ||     3
  Use: Scroll            |       |       |       |     6 |     9 ||    15
       Potion            |       |       |       |     1 |     5 ||     6
 Stab: Distracted        |       |       |       |       |     1 ||     1
Armor: Animal skin       |     4 |       |       |       |       ||     4
       Plate armour      |       |     1 |    22 |    86 |   176 ||   285
       Skin              |       |       |       |     3 |       ||     3
Dodge: Dodged            |     8 |     2 |    11 |    71 |   170 ||   262
